 Dungeon Crawl Stone Soup version 0.18-a0-1-gfac8111 (webtiles) character file.

666 mrath the Digger (level 7, -6/36 HPs)
             Began as a Gargoyle Earth Elementalist on Oct 31, 2015.
             Was an Initiate of Vehumet.
             Killed from afar by mrath's ghost (14 damage)
             ... with a stone arrow
             ... on level 5 of the Dungeon.
             The game lasted 00:37:30 (4615 turns).

mrath the Digger (Gargoyle Earth Elementalist)      Turns: 4615, Time: 00:37:30

Health: -6/36      AC: 10    Str: 12    XL:     7   Next: 57%
Magic:  10/15      EV: 12    Int: 17    God:    Vehumet [......]
Gold:   234        SH:  0    Dex: 10    Spells: 3 memorised, 11 levels left

rFire  . . .     SeeInvis .     a - 133 stones
rCold  + . .     Clarity  .     b - +0 robe
rNeg   + . .     SustAt   .     (no shield)
rPois  ∞         Gourm    .     u - +2 helmet
rElec  +         Spirit   .     (no cloak)
rCorr  .         Warding  .     n - +0 pair of gloves
rMut   .         Stasis   .     (no boots)
MR     .....                    (no amulet)
Stlth  +++.......               G - ring of protection from cold
                                i - ring of stealth

@: not resistant to hostile enchantments, fairly stealthy
A: negative energy resistance 1, electricity resistance, unbreathing,
petrification resistance, rot immunity, AC +4
a: Renounce Religion


You were on level 5 of the Dungeon.
You worshipped Vehumet.
Vehumet was noncommittal.
You were not hungry.

You visited 2 branches of the dungeon, and saw 6 of its levels.

You collected 234 gold pieces.

Inventory:

Hand Weapons
 d - a +0 hunting sling
 f - a +1 short sword of venom
 r - a +0 whip
 B - a +0 dagger
Missiles
 a - 133 stones (in hand)
Armour
 b - a +0 robe (worn)
 n - a +0 pair of gloves (worn)
 u - a +2 helmet (worn)
 D - a +0 buckler
Jewellery
 i - a ring of stealth (left hand)
 F - an uncursed amulet of stasis {unknown}
 G - a ring of protection from cold (right hand)
Wands
 E - a wand of digging (19)
Scrolls
 e - 4 scrolls of remove curse
 h - a scroll of enchant weapon {unknown}
 l - a scroll of noise {unknown}
 m - 2 scrolls of identify
 q - 3 scrolls of recharging {unknown}
 v - a scroll of magic mapping {unknown}
 x - 2 scrolls of immolation {unknown}
 y - a scroll of teleportation {unknown}
 A - 2 scrolls of fear {unknown}
Potions
 j - 2 potions of curing
 o - 2 potions of ambrosia
 p - 2 potions of flight {unknown}
 s - 2 potions of lignification {unknown}
 t - 2 potions of degeneration {unknown}
 w - a potion of might {unknown}
Books
 c - a book of Geomancy

   Spells                             Type                      Level
   a - Sandblast                      Earth                        1
   b - Stoneskin                      Transmutation/Earth          2
   c - Passwall                       Transmutation/Earth          3
   d - Stone Arrow                    Conjuration/Earth            3
   e - Petrify                        Transmutation/Earth          4
   f - Lee's Rapid Deconstruction     Earth                        5
Comestibles
 g - a bread ration
 C - 2 meat rations


   Skills:
 - Level 1.5 Dodging
 - Level 2.1 Stealth
 * Level 5.5 Spellcasting
 + Level 3.7 Conjurations
 - Level 0.7 Transmutations
 + Level 6.2 Earth Magic


You had 11 spell levels left.
You knew the following spells:

 Your Spells              Type           Power        Failure   Level  Hunger
a - Sandblast             Erth           ####..       1%          1    None
b - Stoneskin             Trmt/Erth      ###.....     6%          2    #......
c - Stone Arrow           Conj/Erth      ###...       8%          3    ##.....


Dungeon Overview and Level Annotations

Branches:
Dungeon (5/15)             Temple (1/1) D:4

Altars:
Ashenzari
Cheibriados
Elyvilon
Fedhas
Gozag
Kikubaaqudgha
Makhleb
Nemelex Xobeh
Qazlal
Vehumet
Xom

Annotations:
D:5 Eustachio; mrath's ghost, novice GrEE


Innate Abilities, Weirdness & Mutations

You are resistant to torment.
Your stone body is resilient (AC +4).
You are immune to poison.
You resist negative energy.
You are resistant to electric shocks.
You can survive without breathing.
You are immune to petrification.
You are immune to rotting.


Message History

The rocky blast hits mrath's ghost.
Mrath's ghost is lightly damaged.
Mrath's ghost hits you but does no damage.
Casting: Sandblast
Confirm with . or Enter, or press ? or * to list all spells.
Aiming: Sandblast
Press: ? - help, Shift-Dir - straight line, f/p - mrath's ghost
Aim: mrath's ghost, wielding a weapon of protection (lightly damaged)
The rocky blast hits mrath's ghost.
Mrath's ghost is lightly damaged.
Mrath's ghost casts a spell at you. The stone arrow hits you!
Ouch! That really hurt!
* * * LOW HITPOINT WARNING * * *
Mrath's ghost casts a spell at you. The rocky blast misses you.
You see here a quarterstaff.
Mrath's ghost gestures at you while chanting.
The stone arrow hits you!
You die...

................... #...
#..##............. ####
# #..#............## #
.# #.##.....#.........##
..##......####.....#...#
#.
......#......#.#W......#
#.
....###...........#.....
#
..............)...##....
...........<.@..........
.........#.<>##.###.....
....#..##..###.# .....
...##..##.## #.###.##.
#.##..#..# #.#..
#.##....## #.#.#
##.....#######.#.##
###........##.......#
#...........#.......#


You could see mrath's ghost.

Vanquished Creatures
  2 ogres
  A big kobold (D:4)
  A giant frog (D:5)
  4 worker ants
  2 orc wizards (D:4)
  A hound skeleton (D:4)
  11 adders
  2 oozes
  An adder skeleton (D:5)
  A worm (D:2)
  6 orcs
  8 bats
  5 giant cockroaches
  9 hobgoblins
  5 jackals
  15 kobolds
  2 ball pythons
  3 giant geckos
  3 giant newts
  6 goblins
  A jackal skeleton (D:5)
  3 quokkas
  14 rats
106 creatures vanquished.

Notes
Turn   | Place    | Note
--------------------------------------------------------------
     0 | D:1      | mrath the Gargoyle Earth Elementalist began the quest for the Orb.
     0 | D:1      | Reached XP level 1. HP: 10/10 MP: 3/3
   340 | D:1      | Reached XP level 2. HP: 15/15 MP: 5/5
   375 | D:1      | Reached skill level 4 in Earth Magic
   977 | D:1      | Reached XP level 3. HP: 19/19 MP: 5/7
  1665 | D:2      | Reached XP level 4. HP: 18/24 MP: 6/9
  1735 | D:2      | Learned a level 2 spell: Stoneskin
  1739 | D:2      | Learned a level 3 spell: Stone Arrow
  1816 | D:2      | Found a shattered altar of Ashenzari.
  2072 | D:3      | Found a blossoming altar of Fedhas.
  2214 | D:3      | Found a shattered altar of Ashenzari.
  2279 | D:3      | Found a faded altar to an unknown god.
  2515 | D:3      | Found a burning altar of Makhleb.
  2663 | D:3      | Reached XP level 5. HP: 28/28 MP: 8/10
  2720 | D:3      | Reached skill level 5 in Earth Magic
  2915 | D:4      | Reached skill level 1 in Conjurations
  3033 | D:4      | Noticed an ogre
  3065 | D:4      | Killed an ogre
  3065 | D:4      | Reached XP level 6. HP: 32/32 MP: 6/12
  3448 | D:4      | Found a staircase to the Ecumenical Temple.
  3457 | Temple   | Entered the Ecumenical Temple
  3497 | Temple   | Became a worshipper of Vehumet
  3812 | D:4      | Reached skill level 5 in Spellcasting
  3812 | D:4      | Reached XP level 7. HP: 30/36 MP: 6/14
  4047 | D:5      | Entered Level 5 of the Dungeon
  4107 | D:5      | Reached skill level 6 in Earth Magic
  4210 | D:5      | Noticed mrath's ghost (novice GrEE)
  4563 | D:5      | Noticed Eustachio
  4615 | D:5      | Killed from afar by mrath's ghost

Vault maps used:
D:1:      onia_arrival_pyramid
D:2:      serial_glass, glass_columns_a, glass_columns_b, grunt_ministairs_3,
          evilmike_ruin_ashenzari
D:3:      lightli_temple_of_fire, lemuel_coloured_pillars_altar, fedhas_altar_1,
          ecumenical_altar_2, grunt_ministairs_1
D:4:      minmay_temple_entry_mist, kennysheep_dice
D:5:      bloody_trog, yredelemnul_altar_generic, first_bread, uniq_duvessa,
          uniq_eustachio
Temple:   cyrus_temple_forest_13

Action                   |  1- 3 |  4- 6 |  7- 9 || total
-------------------------+-------+-------+-------++-------
Melee: Short sword       |    53 |    68 |    13 ||   134
 Fire: Hunting sling     |       |    10 |     3 ||    13
Throw: Stone             |       |     7 |       ||     7
 Cast: Sandblast         |    23 |   108 |    21 ||   152
  Use: Scroll            |       |       |     5 ||     5
 Stab: Sleeping          |     3 |       |       ||     3
       Distracted        |     1 |       |       ||     1
  Eat: Chunk             |     1 |     4 |     1 ||     6
       Bread ration      |     1 |       |     1 ||     2
